 Dungeon Crawl Stone Soup version 0.29.1-12-g30fa7ad0bf (webtiles) character file.

Game seed: 7244818558152800170

1189 porpoise the Carver (level 8, -11/49 HPs)
             Began as a Tengu Gladiator on Dec 21, 2022.
             Mangled by a troll (13 damage)
             ... on level 7 of the Dungeon.
             The game lasted 00:24:29 (7356 turns).

porpoise the Carver (Tengu Gladiator)               Turns: 7356, Time: 00:24:29

Health: -11/49     AC:  9    Str: 14 (15) XL:     8   Next: 43%
Magic:  9/9        EV: 14    Int:  7 (9)  God:
Gold:   284        SH:  0    Dex: 14 (17) Spells: 7/7 levels left

rFire   . . .      SeeInvis .   b - +0 scimitar
rCold   . . .      Faith    .   (no shield)
rNeg    . . .      Spirit   .   G - +0 acid dragon scales
rPois   .          Reflect  .   c - +1 hat
rElec   .          Harm     .   v - +0 cloak
rCorr   +          Rampage  .   i - +0 pair of gloves
Will    .....                   (boots unavailable)
Stlth   +.........              (no amulet)
HPRegen 0.16/turn               (no ring)
MPRegen 0.11/turn               (no ring)

@: mighty, flying quickly and evasively, quick
A: beak, talons 3, nimble flight
a: no special abilities


You were on level 7 of the Dungeon.
You visited 2 branches of the dungeon, and saw 8 of its levels.

You collected 284 gold pieces.

Inventory:

Hand Weapons
 a - a +1 short sword of draining
 b - a +0 scimitar (weapon)
 j - a +3 trident of freezing
Missiles
 e - a javelin
 g - 3 boomerangs
 s - a poisoned dart (quivered)
 w - 3 throwing nets
Armour
 c - a +1 hat (worn)
 i - a +0 pair of gloves (worn)
 v - a +0 cloak (worn)
 G - +0 acid dragon scales (worn)
Jewellery
 m - a +6 ring of intelligence
 F - a ring of fire
Scrolls
 d - 2 scrolls of teleportation
 k - a scroll of enchant armour
 l - a scroll of vulnerability {unknown}
 p - a scroll of enchant weapon {unknown}
 q - a scroll of fear {unknown}
 t - a scroll of acquirement {unknown}
 u - a scroll of immolation {unknown}
 x - a scroll of magic mapping {unknown}
 y - a scroll of butterflies
 z - a scroll of poison {unknown}
 A - a scroll of silence {unknown}
 B - a scroll of noise {unknown}
Potions
 h - a potion of cancellation
 n - a potion of brilliance
 o - a potion of mutation
 r - a potion of resistance
 C - a potion of curing
 D - 2 potions of lignification


   Skills:
 + Level 5.2 Fighting
 * Level 8.3 Long Blades
 + Level 5.2 Throwing
 - Level 3.2 Dodging


You had 7 spell levels left.
You didn't know any spells.
Your spell library contained the following spells:

 Spells                   Type           Power      Damage    Failure   Level
 Apportation              Tloc           0%         N/A       56%         1
 Magic Dart               Conj           0%         1d3       56%         1
 Necrotise                Necr           0%         1d4       56%         1
 Summon Small Mammal      Summ           0%         N/A       56%         1
 Searing Ray              Conj           0%         2d4       71%         2
 Call Canine Familiar     Summ           0%         N/A       90%         3
 Ozocubu's Armour         Ice            0%         N/A       90%         3
 Portal Projectile        Hex/Tloc       0%         N/A       90%         3
 Vampiric Draining        Necr           0%         2d6       90%         3
 Fulminant Prism          Conj/Hex       0%         3d6       100%        4
 Leda's Liquefaction      Hex/Erth       0%         N/A       100%        4
 Agony                    Necr           0%         N/A       100%        5
 Metabolic Englaciation   Hex/Ice        0%         N/A       100%        5
 Simulacrum               Ice/Necr       0%         N/A       100%        6
 Ozocubu's Refrigeration  Ice            0%         4d7       100%        7


Dungeon Overview and Level Annotations

Branches:
Dungeon (7/15)             Temple (1/1) D:5

Altars:
Ashenzari
Elyvilon
Gozag
Hepliaklqana
Kikubaaqudgha
Makhleb
Okawaru
Ru
Trog
Uskayaw
Vehumet
Yredelemnul
The Shining One


Innate Abilities, Weirdness & Mutations

You have a beak for a mouth.
You have claws for feet.
Your magical nature lets you fly swiftly and evasively.


Message History

The troll shouts!
Unknown command.
Throw: 4 darts (poison)
Press: ? - help, Q - select action, (/) - cycle Shift-Dir - straight line, f - troll
Aim: a troll (64% to hit)
You throw a poisoned dart. The poisoned dart hits the troll.
The troll is poisoned.
Unknown command.
Throw: 3 darts (poison)
Press: ? - help, Q - select action, (/) - cycle Shift-Dir - straight line, f/p - troll
Aim: a troll (poisoned, 64% to hit)
You throw a poisoned dart. The poisoned dart hits the troll.
The troll looks even sicker.
Unknown command.
Throw: 2 darts (poison)
Press: ? - help, Q - select action, (/) - cycle Shift-Dir - straight line, f/p - troll
Aim: a troll (very poisoned, 64% to hit)
You throw a poisoned dart.
The poisoned dart barely misses the troll.
Unknown command.
You closely miss the troll. Your kick misses the troll.
Your peck misses the troll. The troll bites you! The troll claws you! x2
You closely miss the troll. Your kick misses the troll.
You peck the troll, but do no damage. The troll bites you but does no damage.
The troll claws you.
* * * LOW HITPOINT WARNING * * *
The troll claws you.
* * * LOW HITPOINT WARNING * * *
You feel better.
The troll closely misses you. x2; The troll claws you!
* * * LOW HITPOINT WARNING * * *
It was a potion of might.
You feel very mighty all of a sudden. The troll misses you.
The troll claws you!
* * * LOW HITPOINT WARNING * * *
The troll closely misses you.
It was a potion of degeneration.
There was something very wrong with that liquid.
You feel weakened.
You feel dopey.
You feel clumsy. The troll bites you!
You die...

#.# #.# #.# #.#
#.# #.# #.# #.# ##
#####.# #[# ..
#.b.bb# #.# .#
#.##### #.# ((
#.########.#####(#
#.............@T.#
################.#
.$ ##


You could see a troll (poisoned).

Vanquished Creatures
  Sigmund (D:3)
  Menkaure (D:6)
  An acid dragon (D:6)
  A centaur (D:6)
  An ogre (D:4)
  A phantom (D:6)
  A gnoll sergeant (D:6)
  3 orc priests
  4 hounds (D:5)
  Crazy Yiuf (D:3)
  An iguana (D:5)
  2 orc wizards
  5 adders
  4 gnolls (D:6)
  A shadow imp (D:6)
  A white imp (D:6)
  3 ufetubi
  A worm (D:2)
  12 orcs
  6 bats
  4 endoplasms
  A giant cockroach (D:1)
  6 goblins
  3 hobgoblins
  3 jackals (D:1)
  7 kobolds
  6 quokkas
  8 ball pythons
  3 frilled lizards
  7 rats
99 creatures vanquished.

Notes
Turn   | Place    | Note
-------+----------+-------------------------------------------
     0 | D:1      | porpoise the Tengu Gladiator began the quest for the Orb.
     0 | D:1      | Reached XP level 1. HP: 12/12 MP: 2/2
   119 | D:1      | Reached XP level 2. HP: 17/17 MP: 3/3
   924 | D:2      | Reached skill level 4 in Long Blades
   924 | D:2      | Reached XP level 3. HP: 22/22 MP: 4/4
  1431 | D:2      | Found a faded altar of an unknown god.
  1994 | D:2      | Reached XP level 4. HP: 27/27 MP: 5/5
  2063 | D:3      | Found a sacrificial altar of Ru.
  2368 | D:3      | Found a runed translucent door.
  2369 | D:3      | Noticed Crazy Yiuf
  2379 | D:3      | Killed Crazy Yiuf
  2380 | D:3      | Gained mutation: Your magical nature lets you fly swiftly
                  | and evasively. [Tengu growth]
  2380 | D:3      | Reached XP level 5. HP: 10/32 MP: 4/6
  2837 | D:3      | Reached skill level 5 in Long Blades
  3184 | D:3      | Noticed Sigmund
  3204 | D:3      | Killed Sigmund
  3205 | D:3      | Reached XP level 6. HP: 8/37 MP: 7/7
  3678 | D:4      | Reached skill level 6 in Long Blades
  4363 | D:5      | Entered Level 5 of the Dungeon
  4424 | D:5      | Reached XP level 7. HP: 39/42 MP: 8/8
  4617 | D:5      | Found a staircase to the Ecumenical Temple.
  4628 | Temple   | Entered the Ecumenical Temple
  5196 | D:5      | Reached skill level 7 in Long Blades
  6172 | D:6      | Found a hide-covered altar of Uskayaw.
  6228 | D:6      | Reached XP level 8. HP: 30/48 MP: 9/9
  6695 | D:6      | Reached skill level 5 in Fighting
  6695 | D:6      | Reached skill level 8 in Long Blades
  6695 | D:6      | Reached skill level 5 in Throwing
  6892 | D:6      | Found a radiant altar of Vehumet.
  6967 | D:6      | Noticed Menkaure
  6976 | D:6      | Killed Menkaure
  7348 | D:7      | Noticed a troll
  7355 | D:7      | HP: 2/49 [troll (9)]
  7356 | D:7      | Mangled by a troll

Illustrated notes

Levels and vault maps discovered:
D:1:      dpeg_arrival_boxes_within_box, layout_loops_ring,
          hangedman_abyss_or_decor_stabs
D:2:      layout_basic, hellmonk_ecumenical_altar_crossroads, chequers_garden,
          kennysheep_generic_room_14
D:3:      layout_basic, nicolae_ru_sacrificial_ziggurat, serial_bayou_pond_d,
          uniq_sigmund, uniq_crazy_yiuf_cottage
D:4:      layout_basic, minmay_misc_feat_nine_boxes
D:5:      layout_cave_pods, minmay_temple_entry_poolview
D:6:      layout_rooms, mainiacjoe_overflow_boulevard, general_overflow_altar,
          uniq_menkaure
D:7:      layout_loops_ring
Temple:   cyrus_temple_forest

Skill      XL: |  1  2  3  4  5  6  7  8 |
---------------+-------------------------+-----
Long Blades    | 4 5 6 7 8 |  8.3
Fighting       | 3 4 5 |  5.2
Throwing       | 3 4 5 |  5.2
Dodging        | |  3.2

Action                   |  1- 3 |  4- 6 |  7- 9 || total
-------------------------+-------+-------+-------++-------
Melee: Long sword        |    71 |       |       ||    71
       Kick              |    15 |    18 |    41 ||    74
       Peck              |    15 |    11 |    28 ||    54
       Short sword       |    12 |    94 |   133 ||   239
       Punch             |       |     1 |       ||     1
       Scimitar          |       |       |     7 ||     7
Throw: Throwing net      |       |     3 |     1 ||     4
       Dart              |       |     4 |     4 ||     8
  Use: Potion            |       |     3 |     3 ||     6
       Scroll            |       |       |     6 ||     6
 Stab: Held in net/web   |       |       |     1 ||     1
Armor: Leather armour    |     3 |       |       ||     3
       Ring mail         |    22 |    12 |    30 ||    64
       Acid dragon scale |       |       |    16 ||    16
Dodge: Dodged            |    52 |    42 |    98 ||   192
